Map: Temple of the Past

Players

Robski

  • Race: Protoss Protoss
  • Spawn Location: 0:00

NamroodTuo

  • Race: Terran Terran

VOD

Have the link to the VOD?

Description

Time

  • Played on: June 9, 2023, 8:11 a.m.
  • Length: 26:32
Show
View Real Time Build Order
Export as new Build Order

Robski Protoss 

Build Orders:  

Get SALT Encoding   

  12  0:06  Probe (Chrono Boost)  
  13  0:18  Probe (Chrono Boost)  
  14  0:29  Probe (Chrono Boost)  
  15  0:35  Pylon  
  15  1:09  Gateway  
  15  1:11  Gateway  
  15  1:25  Gateway  
  15  1:28  Probe (Chrono Boost)  
  16  1:39  Probe (Chrono Boost)  
  18  1:50  Probe (Chrono Boost)  
  18  2:01  Probe (Chrono Boost)  
  18  2:07  Assimilator  
  19  2:12  Probe (Chrono Boost)  
  19  2:15  Assimilator  
  20  2:24  Probe (Chrono Boost)  
  21  2:35  Probe (Chrono Boost)  
  21  2:37  Zealot  
  21  2:38  Zealot  
  26  2:41  Zealot  
  28  2:54  Zealot  
  30  3:09  Cybernetics Core  
  30  3:21  Pylon  
  30  3:51  Nexus  
  30  4:08  Probe (Chrono Boost)  
  31  4:19  Probe (Chrono Boost)  
  33  4:31  Probe (Chrono Boost)  
  33  4:42  Probe (Chrono Boost)  
  33  4:45  Pylon  
  34  4:55  Assimilator  
  34  5:01  Assimilator  
  34  5:14  Gateway x2  
  34  5:31  Forge  
  34  5:32  Forge  
  34  5:38  Probe (Chrono Boost)  
  35  5:44  Probe (Chrono Boost)  
  35  5:49  Probe (Chrono Boost)  
  37  5:55  Probe (Chrono Boost)  
  38  6:07  Probe (Chrono Boost)  
  38  6:08  Twilight Council  
  39  6:18  Probe x2 (Chrono Boost)  
  41  6:29  Probe x2 (Chrono Boost)  
  45  6:40  Probe x2 (Chrono Boost)  
  46  6:51  Probe (Chrono Boost)  
  46  6:52  Probe (Chrono Boost), Unknown x4  
  46  6:53  Unknown x4  
  46  6:54  Unknown x2  
  47  7:02  Probe (Chrono Boost)  
  47  7:03  Probe (Chrono Boost)  
  49  7:13  Probe (Chrono Boost)  
  50  7:26  Probe (Chrono Boost)  
  51  7:37  Probe (Chrono Boost)  
  52  7:48  Probe (Chrono Boost)  
  52  7:49  Singularity Charge  
  53  7:50  Pylon  
  53  7:53  Protoss Ground Weapons Level 1  
  53  7:56  Protoss Ground Armor Level 1  
  53  7:59  Probe (Chrono Boost)  
  54  8:07  Gateway  
  55  8:10  Probe (Chrono Boost)  
  55  8:11  Gateway  
  55  8:14  Gateway  
  55  8:17  Gateway  
  55  8:29  Pylon  
  55  8:45  Dragoon x2  
  55  8:46  Dragoon x2  
  55  8:47  Dragoon x2  
  55  8:49  Trillic Compresion Mesh  
  67  9:58  Unknown x4  
  67  9:59  Unknown x4  
  66  10:00  Unknown x2  
  66  10:09  Dragoon x2  
  70  10:10  Dragoon x2  
  70  10:11  Dragoon x2  
  70  10:12  Dragoon  
  70  10:13  Dragoon  
  70  10:14  Dragoon x2  
  70  10:15  Dragoon x3  
  70  10:16  Dragoon  
  70  10:17  Dragoon  
  96  10:36  Probe (Chrono Boost)  
  97  11:12  Protoss Ground Weapons Level 2  
  97  11:15  Protoss Ground Armor Level 2  
  97  11:28  Probe (Chrono Boost)  
  98  11:35  Dragoon  
  98  11:36  Dragoon x2  
  98  11:37  Dragoon x3  
  98  11:38  Dragoon x2  
  98  11:39  Probe (Chrono Boost)  
  115  11:49  Pylon  
  112  11:50  Probe (Chrono Boost)  
  112  11:54  Pylon  
  112  11:58  Pylon  
  110  12:02  Probe (Chrono Boost)  
  111  12:13  Probe (Chrono Boost)  
  106  14:01  Dragoon  
  106  14:02  Dragoon x2  
  106  14:03  Dragoon  
  106  14:04  Dragoon x2  
  106  14:05  Dragoon  
  120  14:16  Unknown x4  
  120  14:17  Unknown x4  
  120  14:18  Unknown x2  
  120  15:14  Pylon  
  120  15:17  Pylon  
  120  15:20  Pylon  
  120  15:23  Photon Cannon  
  120  15:24  Photon Cannon  
  120  15:29  Unknown x6  
  120  15:30  Unknown x2  
  120  15:31  Unknown x2  
  120  15:44  Photon Cannon  
  120  15:48  Photon Cannon  
  120  15:50  Photon Cannon  
  120  15:54  Photon Cannon  
  120  15:57  Photon Cannon  
  120  15:59  Photon Cannon  
  119  16:29  Probe (Chrono Boost)  
  120  16:38  Photon Cannon  
  120  16:40  Photon Cannon  
  120  16:42  Photon Cannon  
  120  16:47  Photon Cannon  
  120  16:48  Photon Cannon  
  120  16:50  Photon Cannon  
  120  17:04  Protoss Ground Weapons Level 3  
  120  17:05  Photon Cannon  
  120  17:06  Protoss Ground Armor Level 3  
  120  17:09  Photon Cannon  
  120  17:10  Photon Cannon  
  120  17:14  Dragoon x2  
  120  17:15  Dragoon x2  
  120  17:16  Dragoon x3  
  120  17:17  Dragoon x2  
  120  17:18  Dragoon x2  
  120  17:19  Dragoon  
  144  17:20  Dragoon x3  
  144  17:21  Dragoon x2  
  144  17:22  Dragoon  
  156  17:53  Probe (Chrono Boost)  
  157  18:04  Photon Cannon  
  157  18:05  Photon Cannon  
  157  18:08  Photon Cannon  
  157  18:09  Photon Cannon  
  157  18:11  Photon Cannon  
  157  18:21  Photon Cannon  
  157  18:24  Photon Cannon  
  157  18:26  Photon Cannon  
  157  18:27  Photon Cannon  
  157  18:30  Photon Cannon  
  157  18:38  Photon Cannon  
  157  18:39  Photon Cannon  
  157  18:42  Photon Cannon  
  157  18:44  Photon Cannon  
  157  18:47  Photon Cannon  
  157  18:49  Photon Cannon  
  157  18:51  Photon Cannon  
  157  18:53  Photon Cannon  
  155  19:53  Photon Cannon  
  155  19:55  Photon Cannon  
  155  19:58  Photon Cannon  
  155  20:01  Photon Cannon  
  155  20:04  Photon Cannon  
  155  20:07  Photon Cannon  
  155  20:09  Photon Cannon  
  155  20:11  Photon Cannon  
  155  20:23  Photon Cannon  
  155  20:45  Protoss Shields Level 1  
  155  20:49  Dragoon  
  157  20:50  Dragoon x2  
  157  20:52  Dragoon x2  
  157  20:54  Dragoon  
  157  20:55  Dragoon x2  
  157  20:56  Dragoon  
  157  20:57  Dragoon x3  
  179  21:26  Pylon  
  179  21:28  Pylon  
  179  21:32  Pylon  
  179  21:59  Photon Cannon  
  179  22:01  Photon Cannon  
  179  22:04  Photon Cannon x2  
  179  22:08  Photon Cannon  
  179  22:11  Photon Cannon  
  179  22:14  Photon Cannon  
  171  23:24  Unknown x4  
  171  23:25  Unknown x6  
  163  24:47  Dragoon  
  163  24:48  Dragoon x2  
  163  24:49  Dragoon x3  
  175  24:50  Dragoon  
  175  24:51  Dragoon x3  
  175  24:52  Dragoon x2  
  175  24:53  Dragoon x2  
  175  24:54  Dragoon  
  175  24:56  Dragoon x2  
  175  24:57  Dragoon  
Show
View Real Time Build Order
Export as new Build Order

NamroodTuo Terran 

Build Orders:  

Get SALT Encoding   

  12  0:04  SCV  
  13  0:21  SCV  
  14  0:38  SCV  
  15  0:55  SCV  
  16  1:12  SCV  
  17  1:22  Command Center  
  17  1:29  SCV  
  18  1:37  Refinery  
  18  1:44  Refinery  
  18  1:46  SCV  
  19  2:03  SCV  
  20  2:20  SCV  
  20  2:26  Engineering Bay  
  21  2:30  Engineering Bay  
  21  2:38  SCV  
  22  3:01  Tychus  
  22  3:11  SCV  
  23  3:26  Gunslingers Hideout  
  23  3:27  SCV  
  24  3:45  SCV  
  25  4:02  SCV  
  25  4:04  Auto-Turret  
  26  4:30  James Sirius Sykes  
  26  4:33  Auto-Turret  
  36  5:17  Auto-Turret  
  36  5:29  SCV  
  37  5:31  Outlaw Weapons Level 1  
  37  5:33  Outlaw Life and Armor Level 1  
  37  5:46  SCV  
  38  5:53  Command Center  
  38  5:54  SCV  
  39  6:03  SCV  
  39  6:04  Auto-Turret  
  40  6:11  SCV  
  41  6:20  SCV  
  41  6:28  SCV  
  43  6:32  Auto-Turret  
  43  6:37  SCV  
  44  6:40  Auto-Turret  
  44  6:45  SCV  
  45  6:53  SCV  
  46  7:02  SCV  
  47  7:10  SCV  
  47  7:14  Muscle Armory  
  47  7:19  SCV  
  49  7:27  SCV  
  50  7:31  Endurance Supplements  
  50  7:33  ITC-E Triggers  
  50  7:44  SCV  
  51  7:52  Fixers Safehouse  
  51  8:00  SCV  
  51  8:01  SCV  
  53  8:17  SCV  
  53  8:18  SCV  
  55  8:34  SCV  
  56  8:51  SCV  
  56  8:52  Kev Rattlesnake West  
  67  9:01  Outlaw Life and Armor Level 2  
  67  9:03  Outlaw Weapons Level 2  
  67  9:08  SCV  
  68  9:48  Rob Cannonball Boswell  
  78  10:11  Auto-Turret  
  77  10:44  SA-55 Thunderbolt Missiles  
  77  10:45  Moebius M34 Terror Rounds  
  77  11:21  Flashforce GDM Visor  
  77  11:34  SCV  
  78  11:41  Refinery  
  78  11:45  Refinery  
  78  11:51  SCV  
  79  12:08  SCV  
  80  12:19  Auto-Turret  
  80  12:25  SCV  
  81  12:42  SCV  
  81  12:45  Auto-Turret  
  81  12:51  Outlaw Weapons Level 3  
  81  13:30  Big Red Button  
  81  13:33  Moebius Aggression Blend, Umojan Signal Modulator  
  81  14:02  Vega  
  91  14:36  Medivac Platform  
  91  14:39  SCV  
  92  14:50  Auto-Turret  
  92  14:56  D99 Detonator, SCV  
  93  15:20  Auto-Turret  
  93  15:31  Outlaw Life and Armor Level 3  
  93  15:42  Auto-Turret  
  93  16:26  Medivac Platform  
  93  16:27  Kel-Morian Ripper Rounds, Vanadium Shell  
  93  17:12  Auto-Turret  
  93  17:29  Medivac Platform  
  93  17:40  Auto-Turret  
  93  18:10  Auto-Turret  
  93  18:36  Auto-Turret  
  93  19:18  KD9a Implosion Core  
  93  19:19  Umojan Turret Frame  
  93  19:23  Secret Stash Stimpack  
  93  19:24  Redline Power Cells  
  93  19:25  Hammer Munitions  
  93  21:18  Moebius Psionic Motivator  
  93  21:19  Neural Disruption Device, Psi Projector  
  93  21:56  Type-88 Persuader  
  93  22:06  Outlaw Weapons Level 4  
  93  22:25  Outlaw Life and Armor Level 4  
  93  24:36  X-71 Impact Boots  
  93  24:37  MALICE Ammunition, Critical Response System  
Tags
 
Add a new tag
Caveats
  • Supply blocks, unpowered buildings, or Contaminate may cause inaccurate times.
  • Supply counts are checked every 10 seconds.